 Dungeon Crawl Stone Soup version 0.30-a0-883-g5ad918d77d (webtiles) character file.

Game seed: 3571732507548829210

45 jasper the Magician (level 3, -1/25 HPs)
             Began as a Djinni Ice Elementalist on Mar 16, 2023.
             Slain by a gnoll
             ... wielding a +0 spear
              (9 damage)
             ... on level 2 of the Dungeon.
             The game lasted 00:02:26 (1434 turns).

jasper the Magician (Djinni Ice Elementalist)       Turns: 1434, Time: 00:02:27

Health: -1/25      AC:  3    Str:  7    XL:     3   Next: 90%
Gold:   71         EV: 12    Int: 18    God:
                   SH:  0    Dex: 13

rFire   + + .      SeeInvis .    h - +0 war axe (drain)
rCold   x . .      Faith    .    (no shield)
rNeg    . . .      Spirit   .    a - +0 robe
rPois   ∞          Reflect  .    (no helmet)
rElec   .          Rampage  .    g - +0 cloak
rCorr   .                        (no gloves)
Will    .....                    (boots unavailable)
Stlth   ++                       (no amulet)
HPRegen 0.24/turn                (no ring)
MPRegen 0.00/turn                (no ring)

@: freezing walls, flying
A: sickness immunity, fire resistance 2, cold vulnerability 1, float, innate
caster, HP casting, extra vitality 1
a: no special abilities


You were on level 2 of the Dungeon.
You visited 1 branch of the dungeon, and saw 2 of its levels.

You collected 71 gold pieces.

Inventory:

Hand Weapons
 b - a +0 short sword
 h - a +0 war axe of draining (weapon)
Missiles
 c - 5 stones
 i - 3 curare-tipped darts
Armour
 a - a +0 robe (worn)
 g - a +0 cloak (worn)
 n - a +0 pair of gloves
Wands
 m - a wand of mindburst (20)
Scrolls
 j - 2 scrolls of identify {unknown}
 l - a scroll of vulnerability {unknown}
Potions
 d - a potion of curing {unknown}
 e - a potion of berserk rage {unknown}
 f - a potion of heal wounds {unknown}
 k - a potion of brilliance {unknown}


   Skills:
 - Level 2.1 Dodging
 - Level 1.5 Stealth
 + Level 4.2 Spellcasting


You knew the following spells:

 Your Spells              Type           Power      Damage    Failure   Level
a - Freeze                Ice            72%        1d8       2%          1
b - Frozen Ramparts       Ice            36%        1d6       8%          3
c - Ozocubu's Armour      Ice            18%        N/A       8%          3
d - Summon Ice Beast      Ice/Summ       18%        N/A       26%         4
e - Magic Dart            Conj           72%        1d6       2%          1
Your spell library was empty.

Dungeon Overview and Level Annotations

Branches:
Dungeon (2/15)

Altars:

Shops:
D:1 =


Innate Abilities, Weirdness & Mutations

You are immune to sickness and miasma.
You are immune to poison.
Your flesh is very heat resistant. (rF++)
You are vulnerable to cold. (rC-)
You float through the air rather than walking.
You learn spells naturally, not from books.
Your magical power is your life essence.
You have superior vitality. (+4 MHP)


Message History

The gnoll shouts!
The wall freezes the gnoll. x2; The gnoll hits you with a +0 club.
You take 4 damage, and have 21/25 hp.
You hit the gnoll but do no damage. You drain the gnoll.
The gnoll is moderately wounded.
The wall freezes the gnoll.
The gnoll hits you but does no damage.
The wall freezes the gnoll.
You slash the gnoll!
You kill the gnoll!
The wall freezes the gnoll. x2
Your Spellcasting skill increases to level 4!
You hit the gnoll. You drain the gnoll.
You kill the gnoll!
The wall freezes the gnoll but does no damage.
The gnoll misses you.
The wall freezes the gnoll.
The gnoll hits you but does no damage.
The wall freezes the gnoll.
The gnoll hits you from afar with a +0 spear!
You take 8 damage, and have 14/25 hp.
MASSIVE DAMAGE!!
Casting: Frozen Ramparts (quite dangerous; 8% risk of failure)
Confirm with . or Enter, or press ? or * to list all spells.
Aiming: Magic Dart (safe; 2% risk of failure)
Press: ? - help, Shift-Dir - straight line, f - gnoll
Aim: a gnoll, wielding a +0 spear (moderately wounded, 100% to hit)
The magic dart hits the gnoll.
The gnoll is severely wounded.
The wall freezes the gnoll but does no damage.
The gnoll hits you from afar with a +0 spear.
You take 6 damage, and have 8/25 hp.
MASSIVE DAMAGE!!
Casting: Magic Dart (safe; 2% risk of failure)
Confirm with . or Enter, or press ? or * to list all spells.
Aiming: Magic Dart (safe; 2% risk of failure)
Press: ? - help, Shift-Dir - straight line, f/p - gnoll
Aim: a gnoll, wielding a +0 spear (severely wounded, 100% to hit)
The magic dart hits the gnoll but does no damage.
The gnoll is severely wounded.
* * * LOW HITPOINT WARNING * * *
The wall freezes the gnoll.
The gnoll hits you from afar with a +0 spear!
You die...

........###.# ##..
............. ....
...........
###..#####.......#
........##.......#
.................#
.....g...........#
..$.........g)@..#
g...........####.#
..#+#.##....# # #
.#..#....##.# #
#............# #
#####....#####
.........#
#####.#####.#.######.##
......# #............


You could see a gnoll.

Vanquished Creatures
  2 gnolls (D:2)
  A dart slug (D:1)
  2 ball pythons (D:1)
  3 bats
  5 endoplasms
  A giant cockroach (D:1)
  A goblin (D:1)
  3 kobolds
  2 frilled lizards (D:1)
  3 rats
23 creatures vanquished.

Notes
Turn   | Place    | Note
-------+----------+-------------------------------------------
     0 | D:1      | jasper the Djinni Ice Elementalist began the quest for the
                  | Orb.
     0 | D:1      | jasper set off with the following spells memorised: Freeze,
                  | Frozen Ramparts, Ozocubu's Armour, Summon Ice Beast.
     0 | D:1      | Reached XP level 1. HP: 15/15 MP: 0/0
   246 | D:1      | Reached XP level 2. HP: 9/21 MP: 0/0
   247 | D:1      | HP: 1/21 [frozen (7)]
   350 | D:1      | Found Ivvusokui's Jewellery Boutique.
   802 | D:1      | Reached XP level 3. HP: 24/25 MP: 0/0
   802 | D:1      | Learned a level 1 spell: Magic Dart
  1431 | D:2      | Reached skill level 4 in Spellcasting
  1434 | D:2      | Slain by a gnoll

Illustrated notes

Levels and vault maps discovered:
D:1:      amcnicky_arrival_flooded_fountain, layout_loops_corners, serial_shops,
          shop_statue
D:2:      wad_crossroads, layout_basic, grunt_ministairs_5

Skill      XL: |  1  2  3 |
---------------+----------+-----
Spellcasting   | 4 |  4.2
Dodging        | |  2.1
Stealth        | |  1.5

Action                     || total
---------------------------++-------
  Melee: Short sword       ||    21
         War axe           ||    15
   Cast: Freeze            ||    22
         Magic Dart        ||     2
         Frozen Ramparts   ||     1
    Use: Scroll            ||     3
   Stab: Sleeping          ||     1
 Armour: Robe              ||    27
  Dodge: Dodged            ||    47

Table legend: (Time is in decaauts)
 A = Elapsed time spent in this place.
 B = Non-inter-level travel time spent in this place.
 C = Inter-level travel time spent in this place.
 D = Time resting spent in this place.
 E = Time spent auto-exploring this place.
 F = Levels seen in this place.
 G = Mean time per level.
                   A        B        C        D        E       F      G
               +--------+--------+--------+--------+--------+-----+--------+
         Total |   1443 |   1347 |     96 |    167 |    967 |   2 |  721.5 |
       Dungeon |   1443 |   1347 |     96 |    167 |    967 |   2 |  721.5 |
               +--------+--------+--------+--------+--------+-----+--------+

Top non-repeatable levels by time:
     D:1: 1231 daAuts
     D:2: 212 daAuts
